 Dungeon Crawl Stone Soup version 0.30-a0-618-gd6c86c23d0 (webtiles) character file.

Game seed: 3837609258767074811

1150 bmack86 the Trooper (level 8, 0/73 HPs)
             Began as a Minotaur Fighter on Jan 9, 2023.
             Was an Initiate of Okawaru.
             Killed from afar by an acid dragon (20 damage)
             ... with a splash of acid
             ... on level 7 of the Dungeon.
             The game lasted 00:13:02 (5194 turns).

bmack86 the Trooper (Minotaur Fighter)              Turns: 5194, Time: 00:13:02

Health: 0/73       AC: 12    Str: 29    XL:     8   Next: 15%
Magic:  7/7        EV:  9    Int:  5    God:    Okawaru [......]
Gold:   101        SH:  6    Dex: 10    Spells: 7/7 levels left

rFire   + . .      SeeInvis .    a - +0 war axe
rCold   . . .      Faith    .    c - +1 buckler
rNeg    . . .      Spirit   .    b - +0 scale mail
rPois   +          Reflect  .    (helmet restricted)
rElec   .          Harm     .    y - +0 cloak {rPois}
rCorr   .          Rampage  .    l - +0 pair of gloves
Will    .....                    t - +1 pair of boots Stlth
                                 (no amulet)
HPRegen 0.32/turn                f - ring of protection from fire
MPRegen 0.10/turn                x - +6 ring of strength

@: no status effects
A: horns 2, retaliatory headbutt
a: Renounce Religion


You were on level 7 of the Dungeon.
You worshipped Okawaru.
Okawaru was noncommittal.
You visited 2 branches of the dungeon, and saw 8 of its levels.

You collected 256 gold pieces.
You spent 155 gold pieces at shops.

Inventory:

Hand Weapons
 a - a +0 war axe (weapon)
Missiles
 e - 7 boomerangs (quivered)
Armour
 b - a +0 scale mail (worn)
 c - a +1 buckler (worn)
 l - a +0 pair of gloves (worn)
 t - a +1 pair of boots (worn)
 y - a +0 cloak of poison resistance (worn)
Jewellery
 f - a ring of protection from fire (left hand)
 n - a ring of ice
 x - a +6 ring of strength (right hand)
Scrolls
 h - 8 scrolls of teleportation
 k - 2 scrolls of identify
 s - a scroll of enchant weapon
 u - 2 scrolls of poison {unknown}
 v - a scroll of blinking
 z - a scroll of silence {unknown}
Potions
 d - 4 potions of might
 g - a potion of magic
 i - 2 potions of flight
 j - 3 potions of haste
 m - 3 potions of curing
 o - 2 potions of resistance
 p - 3 potions of cancellation
 q - 2 potions of degeneration {unknown}
 r - 3 potions of lignification
 w - a potion of heal wounds


   Skills:
 * Level 7.3 Fighting
 * Level 6.6 Axes
 + Level 3.4 Throwing
 + Level 5.6 Armour
 + Level 5.5 Shields


You had 7 spell levels left.
You didn't know any spells.
Your spell library contained the following spells:

 Spells                   Type           Power      Damage    Failure   Level
 Beastly Appendage        Tmut           0%         N/A       80%         1
 Magic Dart               Conj           0%         1d3       80%         1
 Ensorcelled Hibernation  Hex/Ice        0%         N/A       91%         2
 Passwall                 Tmut/Erth      0%         N/A       91%         2
 Wereblood                Tmut           0%         N/A       91%         2
 Gell's Gravitas          Tloc           0%         N/A       99%         3
 Lesser Beckoning         Tloc           0%         N/A       99%         3
 Mephitic Cloud           Conj/Pois/Air  0%         N/A       99%         3
 Spider Form              Tmut/Pois      0%         N/A       99%         3
 Swiftness                Air            0%         N/A       99%         3
 Teleport Other           Tloc           0%         N/A       99%         3
 Call Imp                 Summ           Unusable   N/A       N/A         2
 Summon Ice Beast         Ice/Summ       Unusable   N/A       N/A         4
 Summon Mana Viper        Hex/Summ       Unusable   N/A       N/A         5
 Monstrous Menagerie      Summ           Unusable   N/A       N/A         7

Dungeon Overview and Level Annotations

Branches:
Dungeon (7/15)             Temple (1/1) D:6

Altars:
Ashenzari
Cheibriados
Dithmenos
Elyvilon
Fedhas
Gozag
Hepliaklqana
Makhleb
Nemelex Xobeh
Okawaru
Qazlal
Ru
Sif Muna
Trog
Uskayaw
Vehumet
Wu Jian
Xom
Yredelemnul
Zin
The Shining One

Shops:
D:1 *   D:6 !


Innate Abilities, Weirdness & Mutations

You have a pair of horns on your head.
You reflexively headbutt those who attack you in melee.


Message History

You hit the gnoll. Your headbutt misses the gnoll.
The gnoll is lightly wounded.
The gnoll hits you with a +0 whip.
The gnoll sergeant hits you from afar with a +0 spear.
You slash the gnoll!
The gnoll is severely wounded.
The gnoll completely misses you.
The gnoll sergeant hits you from afar with a +0 spear.
You hit the gnoll. Your headbutt misses the gnoll.
The gnoll is almost dead.
The gnoll hits you with a +0 whip.
The gnoll sergeant hits you but does no damage.
You block the gnoll sergeant's attack. The gnoll closely misses you.
You furiously retaliate!
You headbutt the gnoll!
You kill the gnoll!
Okawaru accepts your kill. You block the gnoll sergeant's attack.
Things that are here:
a +0 whip; a +0 whip; a gnoll corpse You hit the gnoll sergeant.
You headbutt the gnoll sergeant!
The gnoll sergeant is heavily wounded.
The gnoll sergeant completely misses you.
You furiously retaliate!
You headbutt the gnoll sergeant! You slash the gnoll sergeant!
You kill the gnoll sergeant!
Okawaru accepts your kill. The acid dragon spits acid at you.
The splash of acid hits you!! You block the acid dragon's attack.
The acid dragon barely misses you. The gnoll hits you but does no damage.
Items here: )) [ †.
You hit the acid dragon. You headbutt the acid dragon.
The acid dragon is moderately wounded.
The acid dragon bites you.
* * * LOW HITPOINT WARNING * * *
The acid dragon claws you but does no damage.
The gnoll closely misses you. The acid dragon spits acid at you.
The splash of acid hits you!!
You die...

#....########
#.#### #.# # #.#
..###.#.# #
......#.# ## ...
.......[#######
#.
#..######........
#.
#.....)@Dg.......
#.
#.#######........
#. #........ #.
#........ #.
#........ #.
#........ #.
#..$..... ##
####.....


You could see an acid dragon (catching breath) and a gnoll.

Vanquished Creatures
  Maggie (D:6)
  An ice beast (D:6)
  A centaur (D:5)
  A gnoll sergeant (D:7)
  A bullfrog (D:6)
  A scorpion (D:5)
  4 hounds
  A jelly (D:7)
  Crazy Yiuf (D:6)
  An orc priest (D:6)
  3 iguanas (D:5)
  An orc wizard (D:6)
  4 gnolls (D:7)
  8 adders
  A white imp (D:5)
  5 worms
  2 dart slugs (D:1)
  8 orcs
  11 ball pythons
  2 endoplasms (D:4)
  5 giant cockroaches
  12 goblins
  10 hobgoblins
  8 jackals
  2 quokkas (D:1)
  3 bats
  3 frilled lizards (D:1)
  5 kobolds
  6 rats
112 creatures vanquished.

Vanquished Creatures (others)
  4 fungi (D:6)
4 creatures vanquished.

Grand Total: 116 creatures vanquished

Notes
Turn   | Place    | Note
-------+----------+-------------------------------------------
     0 | D:1      | bmack86 the Minotaur Fighter began the quest for the Orb.
     0 | D:1      | Reached XP level 1. HP: 19/19 MP: 0/0
   148 | D:1      | Reached XP level 2. HP: 27/27 MP: 1/1
   192 | D:1      | Reached skill level 4 in Fighting
   622 | D:1      | Found Voimnon's General Store.
   628 | D:1      | Reached XP level 3. HP: 33/33 MP: 2/2
   632 | D:1      | Bought a scroll of identify for 20 gold pieces
   999 | D:2      | Reached XP level 4. HP: 41/41 MP: 3/3
  1019 | D:2      | Reached skill level 1 in Throwing
  1320 | D:3      | Found a shadowy altar of Dithmenos.
  2153 | D:1      | Bought a scroll of enchant weapon for 75 gold pieces
  2378 | D:4      | Reached XP level 5. HP: 47/47 MP: 4/4
  2611 | D:5      | Entered Level 5 of the Dungeon
  2710 | D:5      | Reached skill level 5 in Fighting
  2890 | D:5      | Reached XP level 6. HP: 46/56 MP: 5/5
  3331 | D:5      | Reached skill level 5 in Axes
  3438 | D:5      | Reached skill level 6 in Fighting
  3573 | D:6      | Reached XP level 7. HP: 63/63 MP: 6/6
  3796 | D:6      | Found a hazy altar of Hepliaklqana.
  3847 | D:6      | Found a runed translucent door.
  3848 | D:6      | Noticed Crazy Yiuf
  3883 | D:6      | Reached skill level 5 in Armour
  3890 | D:6      | Found a broken altar of Ashenzari.
  3999 | D:6      | Noticed Maggie
  4009 | D:6      | Killed Maggie
  4010 | D:6      | Reached skill level 5 in Shields
  4207 | D:6      | Found Ixumeer's Distillery.
  4218 | D:6      | Bought a potion of heal wounds for 60 gold pieces
  4253 | D:6      | Found a staircase to the Ecumenical Temple.
  4269 | Temple   | Entered the Ecumenical Temple
  4389 | Temple   | Became a worshipper of Warmaster Okawaru
  4448 | D:6      | Reached skill level 7 in Fighting
  4937 | D:6      | Killed Crazy Yiuf
  4938 | D:6      | Reached XP level 8. HP: 45/73 MP: 4/7
  5194 | D:7      | Killed from afar by an acid dragon

Illustrated notes

Levels and vault maps discovered:
D:1:      spicycebolla_arrival_risky_transporter, layout_loops_ring,
          serial_shops, nicolae_shop_waterfront, bh_walls_and_bars
D:2:      layout_basic, minmay_diced_spiral
D:3:      layout_loops_corners, nicolae_dithmenos_through_a_glass_darkly
D:4:      layout_rooms, corexii_item_surrounded_by_moat
D:5:      layout_gridville, minmay_fractal_squares_5
D:6:      layout_loops_ring, mainiacjoe_overflow_catch_the_wave,
          minmay_temple_entry_proselytizer, serial_shops, shop,
          serial_co_window_serial, co_window_corner_a, co_window_corner_a,
          co_window_cross_1, co_window_paths_b, co_window_corner_a,
          co_window_of_opportunity_b, co_window_corner_cb, co_window_broadway_b,
          co_window_broadway_b, co_window_broadway_c, glass_columns_b,
          glass_columns_b, glass_columns_a, glass_columns_b, glass_columns_a,
          uniq_maggie, uniq_crazy_yiuf_cottage
D:7:      layout_basic
Temple:   mainiacjoe_temple_coin_purse

Skill      XL: |  1  2  3  4  5  6  7 |
---------------+----------------------+-----
Fighting       | 4 5 6 7 |  7.3
Axes           | 3 4 5 6 |  6.6
Armour         | 4 5 |  5.6
Shields        | 4 5 |  5.5
Throwing       | 1 2 3 |  3.4

Action                   |  1- 3 |  4- 6 |  7- 9 || total
-------------------------+-------+-------+-------++-------
Melee: War axe           |    74 |   141 |    54 ||   269
       Headbutt          |    11 |    22 |    15 ||    48
Throw: Boomerang         |     5 |    11 |       ||    16
  Use: Scroll            |     2 |    13 |       ||    15
Armor: Scale mail        |    50 |    94 |    23 ||   167
Dodge: Dodged            |    51 |    73 |    21 ||   145
Block: Buckler           |    20 |    48 |    18 ||    86

Table legend: (Time is in decaauts)
 A = Elapsed time spent in this place.
 B = Non-inter-level travel time spent in this place.
 C = Inter-level travel time spent in this place.
 D = Time resting spent in this place.
 E = Time spent auto-exploring this place.
 F = Levels seen in this place.
 G = Mean time per level.
                   A        B        C        D        E       F      G
               +--------+--------+--------+--------+--------+-----+--------+
         Total |   5284 |   5045 |    239 |      0 |   3549 |   8 |  660.5 |
       Dungeon |   5117 |   4893 |    224 |      0 |   3426 |   7 |  731.0 |
        Temple |    166 |    151 |     15 |      0 |    123 |   1 |  166.0 |
               +--------+--------+--------+--------+--------+-----+--------+

Top non-repeatable levels by time:
     D:6: 1404 daAuts
     D:5: 942 daAuts
     D:3: 933 daAuts
     D:1: 839 daAuts
     D:2: 504 daAuts
     D:4: 394 daAuts
  Temple: 166 daAuts
     D:7: 99 daAuts
